[Event "Titled Tuesday Blitz July 18 Early 2023"]
[White "Remizov, Yaroslav"]
[Black "Merino Garcia, Rafael II"]
[WhiteFideId "34134015"]
[BlackFideId "2209128"]
[WhiteElo "2758"]
[BlackElo "2387"]
[Result "1/2-1/2"]
[Round "2"]
[TimeControl "180+2"]
[Date "2023.07.18"]
[WhiteClock "0:00:14"]
[BlackClock "0:00:58"]
[Board "123"]

1. e4 d6 2. d4 Nd7 3. Nf3 g6 4. Bc4 e6 5. h4 h6 6. Be3 Bg7 7. Qd2 a6 8. a4 b6 9. Nc3 Bb7 10. O-O Ne7 11. Rfe1 Nf6 12. Bf4 d5 13. exd5 Nexd5 14. Nxd5 Nxd5 15. Bxd5 Bxd5 16. Qe3 Bxf3 17. Qxf3 O-O 18. c3 Rc8 19. h5 g5 20. Be5 Qd5 21. Qxd5 exd5 22. Bxg7 Kxg7 23. Re5 Rfd8 24. Rae1 Rd7 25. g4 Rcd8 26. Kg2 a5 27. Kg3 Rd6 28. Re7 R8d7 29. Rxd7 Rxd7 30. f4 gxf4+ 31. Kxf4 Kf6 32. Re5 c6 33. Rf5+ Kg7 34. g5 hxg5+ 35. Kxg5 Rd6 36. Rf2 Re6 37. Rg2 Kh7 38. Kf5 Kh6 39. b4 Re3 40. bxa5 bxa5 41. Rc2 Re1 42. Kf6 Rf1+ 43. Ke5 Kxh5 44. Kd6 Rf6+ 45. Kc5 Re6 46. Kb6 f5 47. Kxa5 f4 48. Kb6 f3 49. a5 Kg4 50. a6 Re2 51. Rxe2 fxe2 52. a7 e1=Q 53. a8=Q Qxc3 54. Qg8+ Kf4 55. Qg7 Ke4 56. Qe5+ Kd3 57. Qg3+ Kc4 58. Qg2 Qxd4+ 59. Kxc6 Qc5+ 60. Kd7 d4 61. Qc2+ Kd5 62. Qf5+ Kc4 63. Qc2+ Kb4 64. Qb2+ Ka5 65. Qa2+ Kb6 66. Ke6 d3 67. Qb2+ Qb5 68. Qd4+ Ka5 69. Qc3+ Ka4 70. Qa1+ Kb4 71. Qb2+ Kc4 72. Qc1+ Kd4 73. Qf4+ Kc3 74. Qc1+ Kb3 75. Qb1+ Kc4 76. Qc1+ Kb4 77. Qb2+ Ka5 78. Qc3+ Kb6 79. Qd4+ Ka6 80. Qc3 Kb7 81. Qg7+ Kb6 82. Qd4+ 1/2-1/2


[Site "https://www.chess.com"]

[Event "Titled Tuesday Blitz July 18 Early 2023"]
[White "Topalov, Aleksandar"]
[Black "Brodowski, Piotr"]
[WhiteFideId "925659"]
[BlackFideId "1124480"]
[WhiteElo "2385"]
[BlackElo "2745"]
[Result "0-1"]
[Round "2"]
[TimeControl "180+2"]
[Date "2023.07.18"]
[WhiteClock "0:02:35"]
[BlackClock "0:02:39"]
[Board "124"]

1. b3 e5 2. Bb2 Nc6 3. c4 g6 4. Nc3 Bg7 5. g3 Nge7 6. Bg2 O-O 7. a3 d6 8. e3 f5 9. Nge2 g5 10. f4 Ng6 11. O-O gxf4 12. gxf4 e4 13. Qc2 Nh4 14. Nd5 Rf7 15. Rf2 Be6 16. d3 exd3 17. Qxd3 Bxb2 0-1


[Site "https://www.chess.com"]

[Event "Titled Tuesday Blitz July 18 Early 2023"]
[White "Mikhailovsky, Vladimir"]
[Black "Jegorovas, Aleksandras"]
[WhiteFideId "34105414"]
[BlackFideId "12801950"]
[WhiteElo "2740"]
[BlackElo "2383"]
[Result "1-0"]
[Round "2"]
[TimeControl "180+2"]
[Date "2023.07.18"]
[WhiteClock "0:01:41"]
[BlackClock "0:01:04"]
[Board "125"]

1. e4 e6 2. d4 d5 3. e5 c5 4. Qg4 Nc6 5. Nf3 cxd4 6. Bd3 f5 7. Qg3 Nge7 8. O-O Ng6 9. h4 Qc7 10. Re1 Be7 11. h5 Ngxe5 12. Nxe5 Nxe5 13. Qxe5 Qxe5 14. Rxe5 Bf6 15. Bf4 Bxe5 16. Bxe5 O-O 17. Nd2 Bd7 18. Nf3 Be8 19. Nxd4 Kf7 20. Re1 Bd7 21. Nf3 h6 22. Bd4 Rad8 23. Bxa7 Ra8 24. Ne5+ Ke8 25. Bc5 Rf6 26. a3 Bc6 27. Nxc6 bxc6 28. Bd4 1-0


[Site "https://www.chess.com"]

[Event "Titled Tuesday Blitz July 18 Early 2023"]
[White "Prydun, Andriy"]
[Black "Kushko, Dmitriy"]
[WhiteFideId "14145898"]
[BlackFideId "14162261"]
[WhiteElo "2382"]
[BlackElo "2707"]
[Result "0-1"]
[Round "2"]
[TimeControl "180+2"]
[Date "2023.07.18"]
[WhiteClock "0:00:28"]
[BlackClock "0:00:23"]
[Board "126"]

1. d4 f5 2. Nd2 Nf6 3. e4 fxe4 4. c4 e6 5. d5 exd5 6. cxd5 Bc5 7. b4 Bd4 8. Rb1 e3 9. fxe3 Bxe3 10. d6 O-O 11. Qb3+ Kh8 12. dxc7 Qxc7 13. Ngf3 d5 14. Bb5 Bb6 15. Bb2 Nc6 16. a4 Bf5 17. a5 Bxb1 18. axb6 Qe7+ 19. Kd1 Be4 20. Nd4 Ng4 21. Re1 axb6 22. Nf5 Rxf5 0-1


[Site "https://www.chess.com"]

[Event "Titled Tuesday Blitz July 18 Early 2023"]
[White "Liyanage, Ranindu Dilshan"]
[Black "Silva, Pedro Gil Ferreira Da"]
[WhiteFideId "9915834"]
[BlackFideId "1946102"]
[WhiteElo "2693"]
[BlackElo "2377"]
[Result "1-0"]
[Round "2"]
[TimeControl "180+2"]
[Date "2023.07.18"]
[WhiteClock "0:00:16"]
[BlackClock "0:00:18"]
[Board "127"]

1. e4 c5 2. Nc3 e6 3. g3 Nc6 4. Bg2 g6 5. Nge2 Bg7 6. d3 Nge7 7. Be3 d6 8. d4 cxd4 9. Nxd4 O-O 10. O-O a6 11. Qd2 Qc7 12. Rfd1 Rd8 13. h3 Ne5 14. b3 b5 15. Nce2 Bb7 16. Rac1 Rac8 17. c4 bxc4 18. f4 N5c6 19. Rxc4 Qd7 20. Nc2 d5 21. Bb6 Qe8 22. Rc5 Rd7 23. Ne3 Nb8 24. e5 Rxc5 25. Bxc5 Rc7 26. Bd6 Rc8 27. Nd4 Nbc6 28. g4 Nxd4 29. Qxd4 Nc6 30. Qb6 Qd7 31. Nxd5 exd5 32. Bxd5 Ba8 33. Qxa6 h5 34. Qe2 hxg4 35. Qxg4 Qxg4+ 36. hxg4 g5 37. e6 Bd4+ 38. Rxd4 Nxd4 39. exf7+ Kg7 40. f8=Q+ Rxf8 41. Bxf8+ Kxf8 42. Bxa8 gxf4 43. Kf2 Ke7 44. Be4 Kd6 45. g5 Ke5 46. Bd3 Ne6 47. g6 Kf6 48. Kf3 Nc5 49. Bc2 Ne6 50. Bd3 Nc5 51. Bb1 Ne6 52. b4 Ke5 53. a3 Kd4 54. Ba2 Ng7 55. Kxf4 Kc3 56. b5 Kb2 57. Bd5 Kxa3 58. b6 1-0


[Site "https://www.chess.com"]

[Event "Titled Tuesday Blitz July 18 Early 2023"]
[White "Kantans, Toms"]
[Black "Slovineanu, Viacheslav"]
[WhiteFideId "11602945"]
[BlackFideId "13900510"]
[WhiteElo "2685"]
[BlackElo "2375"]
[Result "1-0"]
[Round "2"]
[TimeControl "180+2"]
[Date "2023.07.18"]
[WhiteClock "0:01:07"]
[BlackClock "0:00:00"]
[Board "128"]

1. e4 c6 2. d4 d5 3. e5 Bf5 4. g4 Bd7 5. Be3 e6 6. Nc3 a6 7. f4 h5 8. gxh5 Qh4+ 9. Kd2 Qxh5 10. Be2 Qh4 11. Nf3 Qd8 12. Qg1 Nh6 13. Bd3 g6 14. Ne2 Nf5 15. Bf2 c5 16. dxc5 Nc6 17. c3 Bh6 18. Kc2 Rc8 19. h4 Nce7 20. h5 Bb5 21. Bxb5+ axb5 22. b4 Rg8 23. hxg6 Rxg6 24. Qf1 Qd7 25. Rg1 Kf8 26. Rxg6 Nxg6 27. Nfd4 Nxd4+ 28. Bxd4 Ne7 29. Ng3 Ng6 30. f5 exf5 31. Nxf5 Bg5 32. Qh3 Qe6 33. Rf1 1-0


[Site "https://www.chess.com"]

[Event "Titled Tuesday Blitz July 18 Early 2023"]
[White "Arhan_Anand"]
[Black "Davidson, Kevin"]
[BlackFideId "2056810"]
[WhiteElo "2657"]
[BlackElo "2373"]
[Result "1-0"]
[Round "2"]
[TimeControl "180+2"]
[Date "2023.07.18"]
[WhiteClock "0:00:21"]
[BlackClock "0:00:00"]
[Board "129"]

1. Nf3 Nf6 2. c4 g6 3. g3 Bg7 4. Nc3 d6 5. Bg2 O-O 6. d3 e5 7. O-O Nc6 8. Rb1 a5 9. a3 Bf5 10. Nd2 Qd7 11. Re1 Bh3 12. Bh1 Ng4 13. Nde4 h6 14. f3 f5 15. fxg4 fxe4 16. Bxe4 Qxg4 17. e3 Qxd1 18. Rxd1 Bf5 19. Bxf5 gxf5 20. Nd5 Rf7 21. b4 axb4 22. axb4 Nd8 23. Bb2 Ra2 24. Nc3 Ra8 25. Ra1 Rb8 26. Nd5 Ne6 27. Ra7 c6 28. Nb6 Bf6 29. Rda1 Bd8 30. Ra8 Rxa8 31. Rxa8 Kg7 32. c5 Bxb6 33. cxb6 Kf6 34. Kf2 Nf8 35. Rc8 Nd7 36. d4 Nxb6 37. Rd8 Ke7 38. Rh8 Nc4 39. Bc3 exd4 40. Bxd4 b6 41. Rxh6 c5 42. Bc3 Kd7 43. h4 Kc6 44. h5 Kb5 45. bxc5 dxc5 46. Rh8 Nd6 47. Kf3 Ne4 48. Be5 Kc4 49. h6 b5 50. Kf4 b4 51. Rg8 Rh7 52. Bg7 b3 53. Rh8 Rxh8 54. Bxh8 Nc3 55. Bxc3 Kxc3 56. h7 b2 57. h8=Q+ Kc2 58. Qe5 b1=Q 59. Qxf5+ Kb2 60. Qxc5 Qf1+ 61. Kg5 Qe2 62. Qd4+ Kb3 63. g4 Qf2 64. Qf4 Qe2 65. e4 Qd1 66. e5 Qd8+ 67. Qf6 Qg8+ 68. Kf5 Kc4 69. Qe6+ Qxe6+ 70. Kxe6 1-0


[Site "https://www.chess.com"]

[Event "Titled Tuesday Blitz July 18 Early 2023"]
[White "Lamaze, Simon"]
[Black "Mejia, Cherry Ann"]
[WhiteFideId "36069264"]
[BlackFideId "5206880"]
[WhiteElo "2633"]
[BlackElo "2373"]
[Result "1-0"]
[Round "2"]
[TimeControl "180+2"]
[Date "2023.07.18"]
[WhiteClock "0:00:57"]
[BlackClock "0:00:00"]
[Board "130"]

1. b3 d5 2. Bb2 Bg4 3. h3 Bh5 4. g3 c5 5. Bg2 Nc6 6. a3 e6 7. d3 Nf6 8. Nd2 Be7 9. Ngf3 O-O 10. Ne5 Rc8 11. Nxc6 Rxc6 12. Nf3 b5 13. Ne5 Rc8 14. c4 d4 15. Nc6 Qc7 16. Nxe7+ Qxe7 17. cxb5 e5 18. O-O e4 19. dxe4 Nxe4 20. Qd3 Bg6 21. Qf3 Nd2 22. Qb7 Rc7 23. Qa6 Nxf1 24. Bxf1 Rb8 25. a4 Be4 26. Bc1 Rb6 27. Qa5 Rg6 28. Bf4 Rd7 29. Rc1 Bd5 30. Qd2 h5 31. a5 f5 32. b4 c4 33. Qxd4 Bg2 34. Qxc4+ Bd5 35. Qc8+ Kh7 36. Qc2 Be4 37. Qc5 Qf6 38. b6 Rd5 39. Qe3 axb6 40. f3 Bxf3 41. Qxf3 bxa5 42. Qxd5 axb4 43. Qf3 1-0


[Site "https://www.chess.com"]

[Event "Titled Tuesday Blitz July 18 Early 2023"]
[White "Suleymanli, Suleyman"]
[Black "K2JW"]
[WhiteFideId "13416375"]
[WhiteElo "2622"]
[BlackElo "2365"]
[Result "1-0"]
[Round "2"]
[TimeControl "180+2"]
[Date "2023.07.18"]
[WhiteClock "0:01:45"]
[BlackClock "0:00:00"]
[Board "131"]

1. Nf3 g6 2. g3 Bg7 3. d4 d5 4. Bg2 Nf6 5. O-O O-O 6. c4 c6 7. cxd5 cxd5 8. Nc3 Nc6 9. Ne5 e6 10. Bf4 Nxe5 11. Bxe5 Nd7 12. Bxg7 Kxg7 13. e4 dxe4 14. Nxe4 Nf6 15. Nc5 Nd5 16. Qb3 b6 17. Nd3 Bb7 18. h4 Qe7 19. h5 Rfd8 20. Ne5 Nf6 21. hxg6 hxg6 22. Qe3 Bxg2 23. Kxg2 Qb7+ 24. f3 Rac8 25. Rac1 Rxc1 26. Rxc1 Rc8 27. Rh1 Rh8 28. Rxh8 Kxh8 29. Qh6+ Kg8 30. Qg5 Kg7 31. b3 Qd5 32. Qe3 Nd7 33. Ng4 g5 34. Ne5 Nxe5 35. dxe5 Kg6 36. g4 f6 37. exf6 Kxf6 38. a4 Qe5 39. Qd3 a5 40. Qd8+ Kg6 41. Qxb6 Qb2+ 42. Kg3 Qe5+ 43. Kh3 Qe2 44. Kg3 Qe5+ 45. Kf2 Qb2+ 46. Ke3 Qc3+ 47. Ke4 Qc2+ 48. Ke5 Qe2+ 49. Kd6 Qxf3 50. Kxe6 Qxg4+ 51. Ke7+ Kh5 52. Qxa5 Qe4+ 53. Kd6 Qd3+ 54. Kc7 Qxb3 55. Qb5 Qf7+ 56. Kb6 Qf2+ 57. Ka6 Qf6+ 58. Kb7 Qe7+ 59. Kc6 Qe8+ 60. Kd6 Qg6+ 61. Kc5 Qf5+ 62. Kb4 Qf4+ 63. Ka5 Qc7+ 64. Ka6 Qd6+ 65. Kb7 Qe7+ 66. Kc8 Qf8+ 67. Kd7 Qf7+ 68. Kd6 Qf6+ 69. Kd5 Qf5+ 70. Kd4 Qf4+ 71. Kd3 Qf1+ 72. Ke4 Qe1+ 73. Kf3 Qd1+ 74. Kf2 Qd2+ 75. Qe2+ Qxe2+ 76. Kxe2 g4 77. Kf2 Kg5 78. a5 Kf5 79. a6 1-0


[Site "https://www.chess.com"]

[Event "Titled Tuesday Blitz July 18 Early 2023"]
[White "Omariev, Maksim"]
[Black "WynnZawHtun82"]
[WhiteFideId "4193423"]
[WhiteElo "2359"]
[BlackElo "2609"]
[Result "1-0"]
[Round "2"]
[TimeControl "180+2"]
[Date "2023.07.18"]
[WhiteClock "0:00:10"]
[BlackClock "0:00:13"]
[Board "132"]

1. g4 d5 2. Bg2 c6 3. h3 e5 4. d4 e4 5. c4 Be6 6. Nc3 Bd6 7. Qb3 Qd7 8. c5 Be7 9. Bf4 Nf6 10. e3 O-O 11. Rc1 Na6 12. Nge2 Bd8 13. Bd6 Be7 14. Be5 Qc8 15. Bg3 Nc7 16. Nf4 Bd7 17. g5 Nfe8 18. h4 Bg4 19. Kd2 Rb8 20. Qa4 Ra8 21. b4 Bd7 22. Qb3 a5 23. b5 a4 24. Nxa4 Nxb5 25. Nb6 Qd8 26. a4 Nbc7 27. Nxa8 Qxa8 28. Rb1 Bc8 29. Ne2 Bd8 30. Bh3 Ne6 31. Nc3 Ba5 32. Kc2 N8c7 33. Bd6 Re8 34. Ne2 Na6 35. Rbg1 Nb4+ 36. Kb1 Nd3 37. Rg2 Qa6 38. Nc1 Nb4 39. h5 g6 40. hxg6 fxg6 41. Bxe6+ Bxe6 42. Rgh2 Bg4 43. Rxh7 Bh5 44. Rh6 Kg7 45. Be5+ Rxe5 46. dxe5 Nd3 47. Nxd3 exd3 48. e6 Qc4 49. Qb2+ d4 50. Qxd4+ Qxd4 51. exd4 d2 52. Kc2 Kf8 53. R1xh5 gxh5 54. Rxh5 Ke7 55. Rh6 Bc3 56. f4 Bxd4 57. f5 Be3 58. Rh7+ Kf8 59. g6 Bg5 60. Rf7+ Ke8 61. Rxb7 Kf8 62. Rd7 Ke8 63. Rxd2 Bxd2 64. Kxd2 Ke7 65. a5 Kf6 66. a6 Kxf5 67. e7 Ke6 68. e8=Q+ Kd5 69. a7 Kxc5 70. a8=Q Kd4 71. g7 c5 72. g8=Q c4 73. Qad8+ Kc5 74. Qee7+ Kb5 75. Qgg5+ Ka4 76. Qa7+ Kb3 77. Qdb6# 1-0


[Site "https://www.chess.com"]

[Event "Titled Tuesday Blitz July 18 Early 2023"]
[White "Senft, Sean"]
[Black "Petrosian, Karlen"]
[WhiteFideId "2044960"]
[BlackFideId "4176146"]
[WhiteElo "2358"]
[BlackElo "2598"]
[Result "0-1"]
[Round "2"]
[TimeControl "180+2"]
[Date "2023.07.18"]
[WhiteClock "0:00:09"]
[BlackClock "0:00:46"]
[Board "133"]

1. d4 Nf6 2. c4 d6 3. Nc3 Bf5 4. Nf3 g6 5. Qb3 b6 6. g3 Nc6 7. Bg2 Na5 8. Qd1 Bd7 9. b3 Bg7 10. O-O O-O 11. Bb2 c5 12. d5 Rb8 13. a4 a6 14. Qc2 Bf5 15. Qd1 Ne4 16. Nxe4 Bxb2 17. Ra2 Bg7 18. Nh4 Bd7 19. f4 b5 20. axb5 axb5 21. Nd2 bxc4 22. bxc4 Rb4 23. Qc2 Qb6 24. e4 Rb8 25. e5 Rb2 26. Rxb2 Qxb2 27. Qxb2 Rxb2 28. Ra1 Rxd2 29. Rxa5 dxe5 30. Rxc5 exf4 31. Rc7 Bd4+ 32. Kf1 Bg4 33. Rxe7 g5 34. Nf3 Rf2+ 35. Ke1 Bxf3 36. Bxf3 Rxf3 37. d6 Re3+ 38. Rxe3 Bxe3 39. gxf4 Bxf4 40. c5 Kf8 41. Ke2 Bxh2 42. Kf3 h5 43. Ke4 Ke8 44. Kd5 Kd7 45. c6+ Kd8 46. c7+ Kd7 0-1


[Site "https://www.chess.com"]

[Event "Titled Tuesday Blitz July 18 Early 2023"]
[White "Sovetbekova, Nurai"]
[Black "Golubev, Mikhail"]
[WhiteFideId "13801910"]
[BlackFideId "14100983"]
[WhiteElo "2352"]
[BlackElo "2595"]
[Result "0-1"]
[Round "2"]
[TimeControl "180+2"]
[Date "2023.07.18"]
[WhiteClock "0:00:07"]
[BlackClock "0:00:14"]
[Board "134"]

1. d4 g6 2. c4 Bg7 3. e4 d6 4. Nf3 Bg4 5. Be2 Nc6 6. Be3 Bxf3 7. Bxf3 e5 8. dxe5 dxe5 9. Nc3 Nd4 10. O-O Ne7 11. Nd5 c6 12. Nxe7 Qxe7 13. Bxd4 Rd8 14. Qa4 exd4 15. Qxa7 O-O 16. Rad1 d3 17. Qe3 Bd4 18. Qc1 Qe5 19. b3 Bc3 20. Qe3 d2 21. Kh1 Rd6 22. Be2 Ra8 23. f4 Qd4 24. Qh3 Qxe4 25. Qxc3 Qxe2 26. Qc2 Re8 27. f5 Qxf1+ 28. Rxf1 Re1 29. Kg1 Rxf1+ 30. Kxf1 d1=Q+ 0-1


[Site "https://www.chess.com"]

[Event "Titled Tuesday Blitz July 18 Early 2023"]
[White "Colas, Joshua"]
[Black "Chernyavsky, Alexander"]
[WhiteFideId "2044447"]
[BlackFideId "24131156"]
[WhiteElo "2594"]
[BlackElo "2350"]
[Result "0-1"]
[Round "2"]
[TimeControl "180+2"]
[Date "2023.07.18"]
[WhiteClock "0:00:00"]
[BlackClock "0:00:35"]
[Board "135"]

1. Nf3 Nf6 2. c4 g6 3. b3 Bg7 4. Bb2 O-O 5. g3 d6 6. d4 a5 7. Nc3 Nbd7 8. Bg2 e5 9. dxe5 dxe5 10. O-O c6 11. Qc2 Qc7 12. Rad1 Re8 13. Ng5 Nc5 14. Ba3 Bf8 15. h3 h6 16. Nf3 Bf5 17. Qb2 a4 18. Bxc5 Bxc5 19. Nxa4 Ba7 20. c5 Nd7 21. b4 Be6 22. Nd2 Bb8 23. Nc3 f5 24. e4 f4 25. gxf4 exf4 26. Nf3 Ne5 27. Nd4 Bc4 28. Rfe1 f3 29. Nxf3 Nxf3+ 0-1


[Site "https://www.chess.com"]

[Event "Titled Tuesday Blitz July 18 Early 2023"]
[White "Nithyalakshmi, Sivanesan"]
[Black "Fonseca Manrique, Enrique"]
[WhiteFideId "5706955"]
[BlackFideId "5114330"]
[WhiteElo "2350"]
[BlackElo "2590"]
[Result "1-0"]
[Round "2"]
[TimeControl "180+2"]
[Date "2023.07.18"]
[WhiteClock "0:00:18"]
[BlackClock "0:00:24"]
[Board "136"]

1. e4 c5 2. Nc3 e6 3. f4 a6 4. Nf3 Nc6 5. d3 Nf6 6. g3 d5 7. e5 Ng8 8. Bg2 Be7 9. O-O h5 10. Qe1 Nh6 11. Kh1 Nf5 12. Bd2 b5 13. Nd1 h4 14. g4 h3 15. gxf5 hxg2+ 16. Kxg2 exf5 17. Nf2 d4 18. Nh3 Qd5 19. Ng1 Bb7 20. a4 O-O-O 21. axb5 axb5 22. Qb1 Rh6 23. Qa2 c4 24. Ba5 Rdh8 25. dxc4 bxc4 26. h3 Rg6+ 27. Kf2 Rxh3 28. Nxh3 Qxf3+ 29. Kxf3 Nxe5+ 30. Ke2 Rg2+ 31. Rf2 d3+ 32. cxd3 cxd3+ 33. Kf1 Rxf2+ 34. Nxf2 Nc6 35. Rc1 Kd7 36. Nxd3 Ba6 37. Qd5+ Bd6 38. Qxc6+ 1-0


[Site "https://www.chess.com"]

[Event "Titled Tuesday Blitz July 18 Early 2023"]
[White "Alain_Otero"]
[Black "Sadykov, Ramil"]
[BlackFideId "24113590"]
[WhiteElo "2349"]
[BlackElo "2587"]
[Result "0-1"]
[Round "2"]
[TimeControl "180+2"]
[Date "2023.07.18"]
[WhiteClock "0:00:00"]
[BlackClock "0:00:12"]
[Board "137"]

1. e4 c5 2. Nf3 Nc6 3. d4 cxd4 4. Nxd4 Nf6 5. Nc3 d6 6. Bg5 e6 7. Qd2 a6 8. O-O-O h6 9. Nxc6 bxc6 10. Bf4 d5 11. Be2 Bb4 12. f3 O-O 13. Be5 c5 14. g4 d4 15. g5 Nd7 16. Qf4 Nxe5 17. Qxe5 Qxg5+ 18. Qxg5 hxg5 19. Nb1 Ba5 20. Rhg1 Bc7 21. Rxg5 Bf4+ 22. Nd2 Bxg5 23. Kb1 Bxd2 24. Rxd2 e5 25. Bc4 Be6 26. Be2 f5 27. b3 fxe4 28. fxe4 Rf2 29. Kc1 a5 30. Bc4 Rf6 0-1


[Site "https://www.chess.com"]

[Event "Titled Tuesday Blitz July 18 Early 2023"]
[White "Li, Hui"]
[Black "Gontcharov, Vladislav"]
[WhiteFideId "15400310"]
[BlackFideId "4123492"]
[WhiteElo "2348"]
[BlackElo "2576"]
[Result "0-1"]
[Round "2"]
[TimeControl "180+2"]
[Date "2023.07.18"]
[WhiteClock "0:00:01"]
[BlackClock "0:00:15"]
[Board "138"]

1. e4 e6 2. d4 d5 3. Nd2 Be7 4. Bd3 Nf6 5. e5 Nfd7 6. c3 c5 7. Ne2 b6 8. O-O Ba6 9. Bxa6 Nxa6 10. Nf4 b5 11. a4 bxa4 12. Qxa4 Nc7 13. c4 O-O 14. cxd5 Nb6 15. Qb3 Ncxd5 16. Nxd5 Qxd5 17. Qxd5 Nxd5 18. dxc5 Bxc5 19. Ne4 Bd4 20. Ra4 Bxe5 21. f4 Nb6 22. Ra2 Bd4+ 23. Kh1 Rfc8 24. f5 exf5 25. Nd6 Rc2 26. Nxf5 Bc5 27. Be3 Bxe3 28. Nxe3 Re2 29. Nf5 a5 30. h3 a4 31. Nd4 Re4 32. Nb5 Rb4 33. Nd6 f6 34. Rc1 Rd8 35. Nb7 Rd7 36. Nc5 Rc7 37. Nd3 Rxc1+ 38. Nxc1 Kf7 39. Nd3 Rc4 40. Kg1 Rc2 41. Nb4 Rd2 42. Kf1 h5 43. g3 Ke6 44. Ke1 Rh2 45. h4 Ke5 46. Nd3+ Kd4 47. Nb4 Kc4 48. Nc6 Kb3 49. Ra1 Rh1+ 50. Kd2 Rxa1 51. Nd4+ Kc4 52. Ne6 g6 53. Nf4 g5 54. Nxh5 gxh4 55. gxh4 Rh1 56. Nxf6 Rxh4 57. Kc2 Rh2+ 58. Kc1 Kb3 59. Ne4 Rh1+ 60. Kd2 Kxb2 61. Nc5 a3 62. Nd3+ Kb1 63. Nb4 a2 64. Nxa2 Kxa2 0-1


[Site "https://www.chess.com"]

[Event "Titled Tuesday Blitz July 18 Early 2023"]
[White "Principe, Gerson"]
[Black "Llanos, Guillermo"]
[WhiteFideId "3804550"]
[BlackFideId "100358"]
[WhiteElo "2560"]
[BlackElo "2347"]
[Result "1-0"]
[Round "2"]
[TimeControl "180+2"]
[Date "2023.07.18"]
[WhiteClock "0:00:14"]
[BlackClock "0:00:00"]
[Board "139"]

1. Nf3 Nf6 2. b3 g6 3. Bb2 Bg7 4. e3 c5 5. Be2 O-O 6. O-O b6 7. a4 Bb7 8. a5 Nc6 9. a6 Bc8 10. d4 cxd4 11. exd4 d5 12. Nbd2 Bf5 13. Ne5 Qc7 14. c4 Rac8 15. cxd5 Nxd5 16. Rc1 Qd6 17. Ndc4 Qd8 18. Bf3 Ncb4 19. Qd2 Be6 20. Rfd1 b5 21. Ne3 Rxc1 22. Rxc1 Nxe3 23. Qxe3 Nxa6 24. d5 Bxd5 25. Rd1 e6 26. Nc6 Qd6 27. Bxg7 Kxg7 28. Bxd5 exd5 29. Ne7 Qf6 30. Nxd5 Qb2 31. h3 Nb8 32. h4 h5 33. Nf4 1-0


[Site "https://www.chess.com"]

[Event "Titled Tuesday Blitz July 18 Early 2023"]
[White "Wernberg, Hugo"]
[Black "DCacheiro"]
[WhiteFideId "1737511"]
[WhiteElo "2346"]
[BlackElo "2558"]
[Result "1-0"]
[Round "2"]
[TimeControl "180+2"]
[Date "2023.07.18"]
[WhiteClock "0:00:33"]
[BlackClock "0:00:05"]
[Board "140"]

1. d4 Nf6 2. c4 e6 3. Nf3 d5 4. g3 Be7 5. Bg2 O-O 6. O-O dxc4 7. Qc2 b5 8. a4 b4 9. Ne5 Qxd4 10. Bxa8 Qxe5 11. Bf4 Qh5 12. Bf3 Qa5 13. Qxc4 e5 14. Bg5 Ba6 15. Qc2 c5 16. Nd2 Qc7 17. Rac1 Nc6 18. Bxf6 Nd4 19. Bxe7 Nxc2 20. Bxf8 Kxf8 21. Rxc2 c4 22. Nxc4 Bxc4 23. Rfc1 g6 24. Rxc4 Qd6 25. Kg2 f5 26. Rc6 Qd2 27. R1c2 Qe1 28. Bd5 e4 29. Rc7 Qd1 30. Rf7+ 1-0


[Site "https://www.chess.com"]

[Event "Titled Tuesday Blitz July 18 Early 2023"]
[White "Alahakoon, Isuru"]
[Black "Shubenkova, Veronika"]
[WhiteFideId "9900993"]
[BlackFideId "44124040"]
[WhiteElo "2345"]
[BlackElo "2557"]
[Result "1-0"]
[Round "2"]
[TimeControl "180+2"]
[Date "2023.07.18"]
[WhiteClock "0:00:08"]
[BlackClock "0:00:27"]
[Board "141"]

1. Nf3 d5 2. e3 e6 3. c4 c6 4. d4 f5 5. Nc3 Nf6 6. Bd3 Bd6 7. O-O O-O 8. b3 Ne4 9. Ne2 Nd7 10. Bb2 Qe7 11. Ne5 Rf6 12. f3 Ng5 13. Nf4 Rh6 14. cxd5 cxd5 15. Rc1 Nf7 16. Nxf7 Qxf7 17. g3 g5 18. Ne2 Qh5 19. Rf2 Nf6 20. Qf1 Bd7 21. Qg2 Rf8 22. Nc3 a6 23. Na4 Kh8 24. Nc5 Bc8 25. Rfc2 f4 26. g4 Qh4 27. e4 Nxg4 28. fxg4 f3 29. Qf2 Bxh2+ 30. Qxh2 Qxg4+ 31. Rg2 f2+ 32. Kf1 Rxh2 33. Rxg4 Rh1+ 34. Kg2 Rxc1 35. Bxc1 e5 36. Rxg5 dxe4 37. Nxe4 b5 38. Nxf2 exd4 39. Bb2 Bb7+ 40. Kg1 h6 41. Rg4 1-0


[Site "https://www.chess.com"]

[Event "Titled Tuesday Blitz July 18 Early 2023"]
[White "Borrmann, Laurenz"]
[Black "micke12a"]
[WhiteFideId "312187930"]
[WhiteElo "2554"]
[BlackElo "2340"]
[Result "0-1"]
[Round "2"]
[TimeControl "180+2"]
[Date "2023.07.18"]
[WhiteClock "0:00:00"]
[BlackClock "0:00:05"]
[Board "142"]

1. d4 Nf6 2. c4 g6 3. Nc3 d5 4. cxd5 Nxd5 5. e4 Nxc3 6. bxc3 Bg7 7. Nf3 c5 8. h3 Qa5 9. Bd2 O-O 10. Bd3 Rd8 11. O-O cxd4 12. cxd4 Qa3 13. Be3 Nc6 14. Bc4 Qd6 15. e5 Qb4 16. Rc1 Nxe5 17. Nxe5 Bxe5 18. Qf3 Bf6 19. g4 Be6 20. d5 Bd7 21. d6 Bc6 22. Bd5 Bxd5 23. Qxd5 Rxd6 24. Qf3 Rad8 25. Bc5 Qa5 26. Bxd6 Rxd6 27. Kg2 Qxa2 28. Qxb7 a5 29. Qf3 a4 30. Rfd1 Qe6 31. Rxd6 Qxd6 32. Qa8+ Kg7 33. Qxa4 Qd5+ 34. Kg1 Qd2 35. Rf1 Qd3 36. Kg2 Qd5+ 37. f3 Qd2+ 38. Rf2 Qd3 39. Qe4 Qc3 40. Re2 Qc7 41. f4 e6 42. Qf3 Qc4 43. Rf2 Bd4 44. Re2 Bf6 45. g5 Be7 46. h4 Bd6 47. Qe4 Qc5 48. Rd2 Bc7 49. Rc2 Qd6 50. Qe3 Qxf4 51. Qc3+ Be5 52. Qf3 Qxh4 53. Re2 Qxg5+ 54. Kf1 Bf6 55. Rf2 Qf5 56. Qe3 Qe5 57. Qf3 Qa1+ 58. Kg2 Qe5 59. Kf1 Qg5 60. Re2 h5 61. Rf2 Qf5 62. Qe2 Qe5 63. Qf3 Qd4 64. Qe2 g5 65. Qf3 g4 66. Qe2 Qd5 67. Ke1 Qh1+ 68. Kd2 Bg5+ 69. Kc3 Qc6+ 70. Kb3 Bf6 0-1


[Site "https://www.chess.com"]

[Event "Titled Tuesday Blitz July 18 Early 2023"]
[White "Molina Carretero, Daniel"]
[Black "Ionescu, Mihai"]
[WhiteFideId "32071914"]
[BlackFideId "1202499"]
[WhiteElo "2337"]
[BlackElo "2547"]
[Result "0-1"]
[Round "2"]
[TimeControl "180+2"]
[Date "2023.07.18"]
[WhiteClock "0:00:23"]
[BlackClock "0:00:14"]
[Board "143"]

1. c4 b6 2. Nf3 Bb7 3. g3 Nf6 4. Bg2 g6 5. O-O Bg7 6. Nc3 O-O 7. d4 Ne4 8. Qc2 Nxc3 9. bxc3 d6 10. e4 c5 11. Be3 Nd7 12. a4 Rc8 13. a5 cxd4 14. cxd4 b5 15. a6 Ba8 16. Nd2 bxc4 17. Rfc1 Nb6 18. Rab1 d5 19. exd5 Bxd5 20. Ne4 f5 21. Nc5 Bxg2 22. Kxg2 Bxd4 23. Rd1 Qd5+ 24. Kg1 e5 25. Na4 Nxa4 26. Qxa4 c3 27. Rbc1 Rfd8 28. Qb4 Qc5 29. Qb3+ Qc4 30. Qb7 Rc7 31. Qf3 Qxa6 32. Bxd4 exd4 33. Rxc3 Rxc3 0-1


[Site "https://www.chess.com"]

[Event "Titled Tuesday Blitz July 18 Early 2023"]
[White "Ezat, Mohamed"]
[Black "Ziatdinov, Raset"]
[WhiteFideId "10600906"]
[BlackFideId "2015323"]
[WhiteElo "2539"]
[BlackElo "2336"]
[Result "1-0"]
[Round "2"]
[TimeControl "180+2"]
[Date "2023.07.18"]
[WhiteClock "0:00:10"]
[BlackClock "0:00:00"]
[Board "144"]

1. d4 Nf6 2. c4 g6 3. Nc3 Bg7 4. e4 d6 5. Be2 O-O 6. Bg5 c5 7. d5 e6 8. Qd2 exd5 9. exd5 Re8 10. Nf3 Bg4 11. O-O Nbd7 12. h3 Bxf3 13. Bxf3 Ne5 14. Be2 Qb6 15. Qc2 h6 16. Bf4 g5 17. Bg3 Ng6 18. Rae1 Nd7 19. Bd3 Nde5 20. Bxg6 Nxg6 21. Ne4 Rad8 22. b3 Bd4 23. Re2 Kg7 24. Rfe1 Ne5 25. Nxd6 Qxd6 26. Qf5 f6 27. h4 Re7 28. h5 Rde8 29. Kh2 Rf7 30. f4 gxf4 31. Bh4 1-0


[Site "https://www.chess.com"]